 Dungeon Crawl Stone Soup version 0.18-a0-888-g17a9b31 (webtiles) character file.

1390 Jojo the Grappler (level 8, 94/94 HPs)
             Began as a Troll Monk on Feb 23, 2016.
             Quit the game on level 6 of the Dungeon.
             The game lasted 00:09:58 (3445 turns).

Jojo the Grappler (Troll Monk)                      Turns: 3445, Time: 00:09:58

Health: 94/94      AC:  9    Str: 20    XL:     8   Next: 40%
Magic:  7/7        EV: 12    Int:  6    God:
Gold:   289        SH:  0    Dex: 14    Spells: 0 memorised, 7 levels left

rFire  . . .     SeeInvis .       - Unarmed
rCold  + . .     Gourm    +     a - +1 robe
rNeg   . . .     Faith    .     (no shield)
rPois  .         Spirit   .     (helmet restricted)
rElec  .         Dismiss  +     n - +2 cloak
rCorr  .         Reflect  .     (gloves unavailable)
SustAt .         Harm     .     (boots unavailable)
MR     .....     Clarity  +     g - amulet of dismissal
Stlth  +.........               (no ring)
                                p - ring of protection from cold

@: very slightly contaminated, not resistant to hostile enchantments, very
unstealthy
A: unfitting armour, claws 3, hooves 1, clarity, fast metabolism 3, gourmand,
regeneration 2, robust 2, shaggy fur 1, tough skin 2
a: no special abilities


You were on level 6 of the Dungeon.
You were full.

You visited 1 branch of the dungeon, and saw 6 of its levels.

You collected 289 gold pieces.

Inventory:

Armour
 a - a +1 robe (worn)
 n - a +2 cloak (worn)
Jewellery
 g - an amulet of dismissal (around neck)
 p - a ring of protection from cold (left claw)
 r - an uncursed ring of fire {unknown}
Wands
 l - a wand of frost (26/48)
 u - a wand of slowing (18/48)
Scrolls
 f - 2 scrolls of remove curse
 i - a scroll of identify
Potions
 c - a potion of curing
 d - a potion of brilliance {unknown}
 e - a potion of haste {unknown}
 k - a potion of resistance {unknown}
 o - 2 potions of might
 s - a potion of heal wounds {unknown}
Books
 m - a Fen Folio

   Spells                             Type                      Level
   a - Corpse Rot                     Necromancy                   2
   b - Stone Arrow                    Conjuration/Earth            3
   c - Leda's Liquefaction            Hexes/Earth                  4
   d - Summon Forest                  Summoning/Translocation      5
   e - Hydra Form                     Transmutation                6
   f - Summon Hydra                   Summoning                    7
Comestibles
 b - 8 bread rations
 h - 7 meat rations
 j - 2 fruits
 q - 2 beef jerkies


   Skills:
 + Level 4.4 Fighting
 + Level 4.8 Dodging
 - Level 1.1 Stealth
 * Level 8.9 Unarmed Combat


You had 7 spell levels left.
You didn't know any spells.

Dungeon Overview and Level Annotations

Branches:
Dungeon (6/15)
 Temple: D:4-7

Altars:
Trog
Zin


Innate Abilities, Weirdness & Mutations

You are too large for most types of armour.
You have claws for hands.
Your metabolism is lightning-fast.
You like to eat raw meat.
You heal very quickly.
You are covered in fur (AC +1).
You have very tough skin (AC +2).
You have large cloven feet.
You possess an exceptional clarity of mind.
You are very robust (+20% HP).


Message History

Unknown command.
You start waiting.
Eating a chunk of flesh.
This raw flesh tastes great.
You feel sick.
You continue eating.
HP restored.
You continue eating.
You feel sick.
You are no longer poisoned.
There is a bloodstained altar of Trog here.
Things that are here:
a dagger; an animal skin
t - a scroll labeled RIOGIGHUCI
u - a wand of slowing Read which item? (? for menu, Esc to quit)
Blink to where?
Press: ? - help, Dir - move target cursor You are very lightly contaminated with residual magic.
As you read the scroll labeled RIOGIGHUCI, it crumbles to dust.
It was a scroll of blinking.
Are you sure you want to abandon this character and quit the game? (Confirm with "yes".)

###.####
#######..
#....#
#..
#....#
##.
#....# ##
#....###
#......
#....###
#....#
#.@..#
#....#
######


There were no monsters in sight!

Vanquished Creatures
  The ghost of FIQ the Chopper, a novice LaBe of Trog (D:5)
  Grinder (D:5)
  A black bear (D:6)
  A sky beast (D:6)
  A phantom (D:4)
  A water moccasin zombie (D:6)
  A jelly (D:5)
  A giant frog zombie (D:5)
  2 hounds (D:4)
  2 iguanas
  3 orc wizards (D:4)
  2 worker ants
  7 gnolls
  6 adders
  3 oozes
  A worm (D:2)
  3 giant geckos
  11 orcs
  6 bats
  5 giant cockroaches
  2 goblins (D:3)
  8 hobgoblins
  8 kobolds
  5 quokkas
  A giant gecko skeleton (D:5)
  2 giant newts
  9 rats
94 creatures vanquished.

Notes
Turn   | Place    | Note
--------------------------------------------------------------
     0 | D:1      | Jojo the Troll Monk began the quest for the Orb.
     0 | D:1      | Reached XP level 1. HP: 22/22 MP: 0/0
   187 | D:1      | Reached XP level 2. HP: 26/29 MP: 1/1
   619 | D:1      | Reached XP level 3. HP: 33/36 MP: 2/2
   659 | D:2      | Reached skill level 5 in Unarmed Combat
   758 | D:2      | Reached XP level 4. HP: 44/44 MP: 3/3
  1417 | D:3      | Reached XP level 5. HP: 50/50 MP: 4/4
  1582 | D:3      | Reached skill level 6 in Unarmed Combat
  1915 | D:4      | Noticed a phantom
  1954 | D:4      | Killed a phantom
  1954 | D:4      | Reached XP level 6. HP: 59/59 MP: 5/5
  1973 | D:4      | Gained mutation: You are agile. (Dex +2) [potion of mutation]
  1973 | D:4      | Gained mutation: You are robust (+10% HP). [potion of mutation]
  1973 | D:4      | Gained mutation: You possess an exceptional clarity of mind. [potion of mutation]
  2006 | D:4      | Found a glowing silver altar of Zin.
  2295 | D:4      | Reached skill level 7 in Unarmed Combat
  2416 | D:5      | Entered Level 5 of the Dungeon
  2624 | D:5      | Noticed FIQ's ghost (novice LaBe)
  2644 | D:5      | Killed FIQ's ghost
  2644 | D:5      | Reached skill level 8 in Unarmed Combat
  2644 | D:5      | Reached XP level 7. HP: 45/74 MP: 6/6
  2912 | D:5      | Noticed Grinder
  2912 | D:5      | Paralysed by Grinder for 5 turns
  2933 | D:5      | Killed Grinder
  2933 | D:5      | Reached XP level 8. HP: 39/85 MP: 7/7
  3279 | D:6      | Lost mutation: You are agile. (Dex +2) [potion of mutation]
  3279 | D:6      | Gained mutation: You are very robust (+20% HP). [potion of mutation]
  3308 | D:6      | Gained mutation: You have large cloven feet. [mutagenic meat]
  3357 | D:6      | Found a bloodstained altar of Trog.
  3445 | D:6      | Quit the game

Vault maps used:
D:1:      dpeg_arrival_ratfight
D:3:      first_bread, minmay_misc_feat_five, kennysheep_nondescript
D:4:      zin_scriptorium, minivault_11
D:5:      uniq_grinder
D:6:      gammafunk_temple_overflow_statue, grunt_ministairs_1, bloody_trog

Action                   |  1- 3 |  4- 6 |  7- 9 || total
-------------------------+-------+-------+-------++-------
Melee: Unarmed           |    73 |   151 |    49 ||   273
Evoke: Wand              |       |       |     1 ||     1
  Use: Scroll            |       |     9 |     1 ||    10
       Potion            |       |     2 |     1 ||     3
 Stab: Sleeping          |     1 |     6 |       ||     7
  Eat: Chunk             |     7 |    20 |     7 ||    34
